 Dungeon Crawl Stone Soup version 0.29-a0-234-g0dae59b3db (webtiles) character file.

Game seed: 10124881072708583823

19 Hubjo the Sneak (level 2, -1/19 HPs)
             Began as a Vampire Enchanter on Mar 2, 2022.
             Slain by Sigmund
             ... wielding a +0 scythe
              (10 damage)
             ... on level 3 of the Dungeon.
             The game lasted 00:00:51 (310 turns).

Hubjo the Sneak (Vampire Enchanter)                  Turns: 310, Time: 00:00:52

Health: -1/19      AC:  3    Str:  7    XL:     2   Next: 55%
Magic:  5/5        EV: 12    Int: 17    God:
Gold:   38         SH:  0    Dex: 14    Spells: 5/5 levels left

rFire   . . .      SeeInvis +   a - +1 dagger
rCold   . . .      Faith    .   (no shield)
rNeg    . . .      Spirit   .   b - +0 robe
rPois   .          Reflect  .   (no helmet)
rElec   .          Harm     .   (no cloak)
rCorr   .          Rampage  .   e - +0 pair of gloves
Will    .....                   (no boots)
Stlth   +++.......              (no amulet)
HPRegen 0.26/turn               (no ring)
MPRegen 0.09/turn               (no ring)

@: weak-willed, healing quickly
A: alive, fangs 3, see invisible, vampiric 1
a: Exsanguinate


You were on level 3 of the Dungeon.
You visited 1 branch of the dungeon, and saw 3 of its levels.

You collected 38 gold pieces.

Inventory:

Hand Weapons
 a - a +1 dagger (weapon)
Armour
 b - a +0 robe (worn)
 e - a +0 pair of gloves (worn)
Potions
 c - a potion of invisibility
 d - 2 potions of resistance {unknown}
 f - a potion of haste {unknown}
 g - 2 potions of flight {unknown}


   Skills:
 + Level 1.3 Short Blades
 * Level 2.6 Dodging
 * Level 5.0 Stealth
 + Level 2.1 Spellcasting
 + Level 4.6 Hexes


You had 5 spell levels left.
You didn't know any spells.
Your spell library contained the following spells:

 Spells                   Type           Power      Damage    Failure   Level
 Confusing Touch          Hex            17%        N/A       9%          3
 Tukima's Dance           Hex            17%        N/A       9%          3
 Ensorcelled Hibernation  Hex/Ice        18%        N/A       11%         2
 Dazzling Flash           Conj/Hex       18%        N/A       22%         3


Dungeon Overview and Level Annotations

Branches:
Dungeon (3/15)

Altars:

Annotations:
D:3 Sigmund


Innate Abilities, Weirdness & Mutations

Your natural rate of healing is accelerated.
You have razor-sharp teeth.
You have supernaturally acute eyesight. (SInv)
You are afflicted with vampirism.


Message History

An endoplasm comes into view.
You see here 12 gold pieces.
An endoplasm is nearby!
An endoplasm is nearby!
An endoplasm is nearby!
The endoplasm misses you.
You hit the endoplasm.
The endoplasm is severely wounded.
You completely miss the endoplasm.
You bite the endoplasm, but do no damage.
The endoplasm is severely wounded.
You hit the endoplasm.
You kill the endoplasm!
No target in view!
No target in view!
No target in view!
No target in view!
No target in view!
No target in view!
No target in view!
No target in view!
No target in view!
No target in view!
No target in view!
No target in view!
You now have 38 gold pieces (gained 12).
Sigmund the Dreaded comes into view.
He is wielding a +0 scythe.
Sigmund is nearby!
Sigmund is nearby!
Sigmund is nearby!
A worm comes into view.
Sigmund shouts!
Sigmund casts a spell at you. The puff of flame hits you!
Ouch! That really hurt!
As you read the scroll labelled JILOIXUYPY, it crumbles to dust.
Magic quickly surges around you.
It was a scroll of vulnerability.
Sigmund hits you from afar with a +0 scythe!
Ouch! That really hurt!
You die...

#.##
#.###[...#.....
...##......#...##.#
# ..............# .
#.#.##..........#
#.#.#.......##..#
#.#.........##..#
#.........####....
#.........# ....
#..@#...#.#
#...##.##.#
#@..#####.# #...#
#.# #w..# #.# #...#
..# #.... ... #...#
####


You could see Sigmund (weak-willed) and a worm (weak-willed).

Vanquished Creatures
  A worm (D:2)
  2 ball pythons
  4 endoplasms
  2 goblins (D:2)
  A hobgoblin (D:2)
  A kobold (D:1)
  2 bats (D:2)
  A frilled lizard (D:2)
14 creatures vanquished.

Notes
Turn   | Place    | Note
-------+----------+-------------------------------------------
     0 | D:1      | Hubjo the Vampire Enchanter began the quest for the Orb.
     0 | D:1      | Reached XP level 1. HP: 13/13 MP: 3/3
   194 | D:2      | Reached XP level 2. HP: 19/19 MP: 5/5
   249 | D:2      | Reached skill level 5 in Stealth
   307 | D:3      | Noticed Sigmund
   310 | D:3      | Slain by Sigmund

Illustrated notes

Levels and vault maps discovered:
D:1:      tarquinn_simple_flora_water_b, layout_loops_ring
D:2:      layout_loops_ring
D:3:      layout_loops_ring, marbit_many_paths,
          nemelex_xobeh_ov_fountains_minmay, serial_bayou_pond_e,
          minmay_checkerbox, uniq_crazy_yiuf_cottage, uniq_sigmund

Skill      XL: |  1  2 |
---------------+-------+-----
Stealth        | 5 |  5.0
Short Blades   | |  1.3
Dodging        | |  2.6
Spellcasting   | |  2.1
Hexes          | |  4.6

Action                   || total
-------------------------++-------
Melee: Dagger            ||    30
       Bite              ||     1
  Use: Scroll            ||     1
 Stab: Sleeping          ||     7
Armor: Robe              ||     7
Dodge: Dodged            ||     9

Table legend: (Time is in decaauts)
 A = Elapsed time spent in this place.
 B = Non-inter-level travel time spent in this place.
 C = Inter-level travel time spent in this place.
 D = Time resting spent in this place.
 E = Time spent auto-exploring this place.
 F = Levels seen in this place.
 G = Mean time per level.
                   A        B        C        D        E       F      G
               +--------+--------+--------+--------+--------+-----+--------+
         Total |    307 |    278 |     29 |      0 |    177 |   3 |  102.3 |
       Dungeon |    307 |    278 |     29 |      0 |    177 |   3 |  102.3 |
               +--------+--------+--------+--------+--------+-----+--------+

Top non-repeatable levels by time:
     D:2: 159 daAuts
     D:1: 113 daAuts
     D:3: 34 daAuts
